 Dungeon Crawl Stone Soup version 0.28.0-55-gcd9437bce4 (webtiles) character file.

Game seed: 12681945477514473737

16673 jjjjhere the Brawler (level 12, 0/105 HPs)
             Began as a Ghoul Fighter on Dec 2, 2022.
             Was a High Priest of Nemelex Xobeh.
             Slain by an enormous slime creature (35 damage)
             ... on level 12 of the Dungeon.
             The game lasted 00:21:22 (12871 turns).

jjjjhere the Brawler (Ghoul Fighter)               Turns: 12871, Time: 00:21:23

Health: 0/105      AC: 25    Str: 23    XL:     12   Next: 40%
Magic:  19/19      EV: 10    Int:  5    God:    Nemelex Xobeh [*****.]
Gold:   1788       SH:  9    Dex:  8    Spells: 11/11 levels left

rFire   . . .      SeeInvis .     - Unarmed
rCold   + . .      Faith    .   b - +0 buckler
rNeg    + + +      Spirit   .   M - +3 plate armour {Will+}
rPois   ∞          Reflect  +   g - +2 helmet
rElec   .          Harm     .   (no cloak)
rCorr   .          Rampage  .   (no gloves)
Will    +....                   Q - +1 pair of boots of Hepliaklqana's Esteem {rPois rN+ Regen+}
Stlth   ..........              x - amulet of reflection
HPRegen 0.00/turn               y - +4 ring of protection
MPRegen 0.16/turn               L - +4 ring of evasion

@: inhibited regen
A: claws 1, cold resistance 1, negative energy resistance 3, inhibited
regeneration, torment resistance 2
a: Renounce Religion, Draw Escape, Draw Destruction, Draw Summoning, Triple
Draw, Deal Four, Stack Five


You were on level 12 of the Dungeon.
You worshipped Nemelex Xobeh.
Nemelex Xobeh was extremely pleased with you.
You visited 1 branch of the dungeon, and saw 12 of its levels.
You also visited: Bailey.

You collected 1788 gold pieces.

Inventory:

Missiles
 j - 2 throwing nets (quivered)
 w - 15 boomerangs
 D - 7 javelins
 I - 6 atropa-tipped darts
Armour
 a - a +0 scale mail
 b - a +0 buckler (worn)
 g - a +2 helmet (worn)
 m - +0 fire dragon scales
 M - a +3 plate armour of willpower (worn)
 Q - the +1 pair of boots of Hepliaklqana's Esteem (worn) {rPois rN+ Regen+}
   (You found it on level 12 of the Dungeon)

   rPois:     It protects you from poison.
   rN:        It protects you from negative energy.
   Regen:     It increases your rate of health regeneration.
Jewellery
 h - a ring of see invisible
 x - an amulet of reflection (around neck)
 y - a +4 ring of protection (left claw)
 F - a +6 ring of dexterity
 H - an amulet of guardian spirit
 K - a ring of willpower
 L - a +4 ring of evasion (right claw)
 N - a ring of protection from cold
 P - a ring of ice
Wands
 o - a wand of flame (13)
 r - a wand of charming (14)
 E - a wand of paralysis (10)
 J - a wand of iceblast (5)
Scrolls
 d - 6 scrolls of teleportation {unknown}
 e - 4 scrolls of enchant weapon
 i - 2 scrolls of immolation {unknown}
 s - 2 scrolls of torment {unknown}
 t - 2 scrolls of blinking {unknown}
 u - 3 scrolls of fear {unknown}
 A - 2 scrolls of amnesia {unknown}
 B - 2 scrolls of summoning {unknown}
 C - 2 scrolls of enchant armour {unknown}
Potions
 c - 3 potions of might
 f - 3 potions of heal wounds
 k - 3 potions of magic
 l - 9 potions of curing
 n - a potion of cancellation
 p - 3 potions of mutation
 v - 3 potions of flight
 z - 3 potions of brilliance
 G - a potion of lignification {unknown}
 O - a potion of berserk rage {unknown}


   Skills:
 + Level 9.5 Fighting
 + Level 6.1 Armour
 - Level 2.6 Shields
 - Level 15.0 Unarmed Combat
 + Level 11.4 Invocations


You had 11 spell levels left.
You didn't know any spells.
Your spell library contained the following spells:

 Spells                   Type           Power      Damage    Failure   Level
 Slow                     Hex            0%         N/A       100%        1
 Summon Small Mammal      Summ           0%         N/A       100%        1
 Call Canine Familiar     Summ           0%         N/A       100%        3
 Confusing Touch          Hex            0%         N/A       100%        3
 Summon Guardian Golem    Hex/Summ       0%         N/A       100%        3
 Vampiric Draining        Necr           0%         2d6       100%        3
 Summon Ice Beast         Ice/Summ       0%         N/A       100%        4
 Lehudib's Crystal Spear  Conj/Erth      0%         10d2      100%        8


Dungeon Overview and Level Annotations

Branches:
Dungeon (12/15)            Temple (0/1) D:7            Lair (0/6) D:11
    Orc (0/2) D:10         Bailey (visited)

Altars:
Elyvilon
Nemelex Xobeh
Vehumet
Yredelemnul
Zin

Shops:
D:1 *   D:6 !   D:8 :   D:11 (

Annotations:
D:6 1 runed translucent door, Crazy Yiuf


Innate Abilities, Weirdness & Mutations

You thrive by killing the living.
You are immune to poison.
You have sharp fingernails.
Your flesh is cold resistant. (rC+)
You are immune to negative energy. (rN+++)
You do not regenerate when monsters are visible.
You are immune to unholy pain and torment.


Message History

You barely miss the enormous slime creature.
An enormous slime creature splits.
You claw the large slime creature!
The large slime creature is lightly wounded.
You block the large slime creature's attack.
You scratch the large slime creature.
The large slime creature is lightly wounded.
You block the large slime creature's attack.
You scratch the large slime creature but do no damage.
The large slime creature is lightly wounded.
The large slime creature hits you but does no damage.
You block the large slime creature's attack.
You scratch the large slime creature but do no damage.
The large slime creature is lightly wounded.
You block the large slime creature's attack.
The large slime creature hits you.
You scratch the large slime creature.
The large slime creature is lightly wounded.
The large slime creature hits you!!
You mangle the large slime creature!!
The large slime creature is moderately wounded.
A large slime creature splits.
You scratch the slime creature.
The slime creature is moderately wounded.
The large slime creature hits you but does no damage.
You block the slime creature's attack.
You mangle the slime creature!!
The slime creature is severely wounded.
The slime creature hits you but does no damage.
The large slime creature hits you!!
The slime creature hits you but does no damage.
You claw the slime creature!
The slime creature is severely wounded.
You block the slime creature's attack.
The large slime creature hits you but does no damage.
Two slime creatures merge to form a large slime creature.
Two slime creatures merge to form an enormous slime creature.
The enormous slime creature hits you!!
You die...
Your body glows with a rainbow of weird colours and disappears.

#.........# ###.#### #####'
#.........# ###......### #.....
#......[..#####......†...# #.....
#...............#......#.# #.....
#.........#######.J....#.###.....
#.........# ###.####..##.....
#.........# #...# ##..'.....
#.........# ###J### ####.....
###.####### #.@.# ##'### #...#
#.### #...# #####'### ##.######
###.. #.......# #.......####
#####. +.......# #..........##
#..... #.......####
#.....>.##..###..... #.......'..#
#.......###..>......
#.....<.##)###)......# #####.....
#.......##..##)......# #.....


You could see an enormous slime creature.

Vanquished Creatures
  An orc warlord (Bailey)
  3 two-headed ogres
  A deep elf pyromancer (D:12)
  2 ugly things (D:12)
  An orc knight (Bailey)
  3 cyclopes
  An unseen horror (D:12)
  A komodo dragon (D:12)
  2 kobold demonologists (D:11)
  A hornet (D:8)
  A tarantella (Bailey)
  A dream sheep (D:11)
  A wyvern (D:8)
  2 vampires
  2 shadows (D:10)
  12 yaks
  A steam dragon (D:8)
  3 wargs (D:11)
  A water moccasin (D:7)
  4 sky beasts
  2 black bears (D:5)
  2 ice beasts
  11 orc warriors
  An ogre (D:6)
  2 necrophages
  3 centaurs
  A phantom (D:6)
  A kobold brigand (D:11)
  2 bullfrogs
  A gnoll sergeant (D:12)
  5 scorpions
  2 wyvern zombies
  A water moccasin zombie (D:7)
  2 water moccasin skeletons
  3 wights (D:8)
  4 bullfrog zombies
  3 howler monkeys (D:11)
  7 centaur zombies
  A centaur skeleton (D:7)
  2 orc priests
  A hound (D:6)
  4 jellies
  A bullfrog skeleton (D:5)
  A gnoll shaman (D:5)
  8 orc wizards
  7 iguanas
  A killer bee zombie (D:9)
  A hound zombie (D:5)
  A hound skeleton (D:4)
  19 gnolls
  6 adders
  A shadow imp (D:7)
  2 white imps (D:6)
  46 orcs
  2 bats (D:1)
  4 endoplasms
  5 giant cockroaches
  26 goblins
  10 hobgoblins
  3 jackals (D:1)
  10 kobolds
  3 quokkas
  10 ball pythons
  4 frilled lizards
  4 rats (D:1)
  A toadstool (D:1)
281 creatures vanquished.

Vanquished Creatures (collateral kills)
  A cyclops (D:7)
  Menkaure (D:4)
  2 orc warriors (Bailey)
  A scorpion (D:7)
  A hound (D:7)
  A hobgoblin (Bailey)
7 creatures vanquished.

Vanquished Creatures (others)
  3 toadstools (D:1)
3 creatures vanquished.

Grand Total: 291 creatures vanquished

Notes
Turn   | Place    | Note
-------+----------+-------------------------------------------
     0 | D:1      | jjjjhere the Ghoul Fighter began the quest for the Orb.
     0 | D:1      | Reached XP level 1. HP: 19/19 MP: 0/0
   228 | D:1      | Reached XP level 2. HP: 18/26 MP: 1/1
   236 | D:1      | Reached skill level 3 in Unarmed Combat
   351 | D:1      | Found Ifylirgh's Assorted Antiques.
   567 | D:1      | Reached XP level 3. HP: 31/31 MP: 2/2
   983 | D:2      | Reached skill level 4 in Unarmed Combat
  1500 | D:2      | Found a faded altar of an unknown god.
  1506 | D:2      | Prayed at the altar of an unknown god.
  1506 | D:2      | Became a worshipper of Nemelex Xobeh the Trickster
  1506 | D:2      | Reached * piety under Nemelex Xobeh
  1506 | D:2      | Received a gift from Nemelex Xobeh
  1915 | D:3      | Identified the +5 mace "Ocweddif" {flame, Will+}
  1956 | D:3      | Reached XP level 4. HP: 38/38 MP: 3/3
  2435 | D:4      | Reached skill level 5 in Unarmed Combat
  2582 | D:3      | Reached XP level 5. HP: 45/45 MP: 4/4
  2648 | D:4      | Noticed Duvessa
  2651 | D:4      | Noticed Dowan
  2672 | D:4      | Noticed Dowan
  2672 | D:4      | Dowan changed into Dowan the ice beast
  2672 | D:4      | Noticed Duvessa
  2672 | D:4      | Duvessa changed into Duvessa the scorpion
  2683 | D:4      | Killed Duvessa the scorpion
  2684 | D:4      | Reached skill level 6 in Unarmed Combat
  2684 | D:4      | Reached skill level 1 in Invocations
  2697 | D:4      | Killed Dowan the ice beast
  2698 | D:4      | Reached XP level 6. HP: 25/51 MP: 6/6
  2896 | D:4      | Reached ** piety under Nemelex Xobeh
  2986 | D:4      | Found a radiant altar of Vehumet.
  3034 | D:4      | Noticed Menkaure
  3038 | D:4      | Killed Menkaure
  3039 | D:4      | Reached skill level 7 in Unarmed Combat
  3042 | D:4      | Reached XP level 7. HP: 57/57 MP: 6/8
  3412 | D:5      | Entered Level 5 of the Dungeon
  3520 | D:5      | Found a sparkling altar of Nemelex Xobeh.
  3565 | D:5      | HP: 17/57 [gnoll/+0 whip (4)]
  3909 | D:5      | Received a gift from Nemelex Xobeh
  3940 | D:5      | Identified the +10 mace of Guawoos {antimagic, *Noise rElec
                  | rC++ Int+2}
  3984 | D:5      | Reached skill level 8 in Unarmed Combat
  3984 | D:5      | Reached skill level 5 in Invocations
  3996 | D:5      | Reached XP level 8. HP: 63/63 MP: 9/11
  4368 | D:5      | Received a gift from Nemelex Xobeh
  4461 | D:5      | Got Fiwe's Catalogue of Summoning and the Mountains
  4503 | D:5      | Found a basalt altar of Yredelemnul.
  4740 | D:5      | Reached skill level 9 in Unarmed Combat
  4776 | D:5      | Reached *** piety under Nemelex Xobeh
  4946 | D:6      | Received a gift from Nemelex Xobeh
  5052 | D:6      | Found a runed translucent door.
  5053 | D:6      | Noticed Crazy Yiuf
  5332 | D:6      | Reached XP level 9. HP: 58/71 MP: 13/13
  5458 | D:6      | Found Qeerript's Distillery.
  5708 | D:7      | Found a staircase to the Ecumenical Temple.
  5736 | D:7      | Reached skill level 10 in Unarmed Combat
  5952 | D:7      | Reached skill level 5 in Fighting
  5969 | D:7      | Received a gift from Nemelex Xobeh
  6244 | D:7      | Reached **** piety under Nemelex Xobeh
  6526 | D:6      | Noticed a cyclops
  6540 | D:7      | Killed a cyclops
  6809 | D:6      | Reached skill level 11 in Unarmed Combat
  6871 | D:6      | Reached XP level 10. HP: 64/84 MP: 15/15
  6968 | D:6      | Identified the +2 robe of the Invisible Leylines {rElec
                  | Dex+3}
  7820 | D:8      | Found Dicoqauv's Book Boutique.
  8044 | D:9      | Received a gift from Nemelex Xobeh
  8104 | D:9      | Noticed a two-headed ogre
  8116 | D:9      | Killed a two-headed ogre
  8117 | D:9      | Reached skill level 12 in Unarmed Combat
  8395 | D:9      | Reached ***** piety under Nemelex Xobeh
  8551 | D:9      | Noticed a two-headed ogre
  8555 | D:9      | Noticed a cyclops
  8555 | D:9      | a two-headed ogre changed into a cyclops
  8561 | D:9      | Killed a cyclops
  8689 | D:9      | Noticed a cyclops
  8700 | D:9      | Killed a cyclops
  8828 | D:10     | Entered Level 10 of the Dungeon
  8956 | D:10     | Found a flagged portal.
  8956 | D:10     | Received a gift from Nemelex Xobeh
  8972 | Bailey   | Entered a bailey
  9003 | Bailey   | Reached XP level 11. HP: 97/97 MP: 17/17
  9145 | Bailey   | Noticed an orc knight
  9151 | Bailey   | an orc knight changed into a tarantella
  9281 | Bailey   | Noticed an orc knight
  9295 | Bailey   | Killed an orc knight
  9353 | Bailey   | Reached skill level 13 in Unarmed Combat
  9558 | Bailey   | Noticed an orc warlord
  9572 | Bailey   | Killed an orc warlord
  9742 | Bailey   | Acquired 779 gold pieces
  9767 | Bailey   | Reached skill level 10 in Invocations
 10433 | D:10     | Found a staircase to the Orcish Mines.
 10562 | D:10     | Reached skill level 14 in Unarmed Combat
 10810 | D:11     | Received a gift from Nemelex Xobeh
 10815 | D:11     | Noticed a two-headed ogre
 10834 | D:11     | Killed a two-headed ogre
 10973 | D:11     | Reached skill level 5 in Armour
 10978 | D:11     | Found a staircase to the Lair.
 11054 | D:11     | Identified the +0 leather armour of Divine Intervention
                  | {rPois SInv}
 11196 | D:11     | Noticed a two-headed ogre
 11198 | D:11     | Killed a two-headed ogre
 11199 | D:11     | Reached XP level 12. HP: 104/104 MP: 19/19
 11341 | D:11     | Noticed Fannar
 11343 | D:11     | Noticed Fannar
 11343 | D:11     | Fannar changed into Fannar the dream sheep
 11348 | D:11     | Killed Fannar the dream sheep
 11726 | D:11     | Found Ruvytzih's Weapon Emporium.
 12068 | D:12     | Received a gift from Nemelex Xobeh
 12110 | D:12     | Identified the +1 pair of boots of Hepliaklqana's Esteem
                  | {rPois rN+ Regen+}
 12225 | D:12     | Reached skill level 15 in Unarmed Combat
 12871 | D:12     | Slain by an enormous slime creature

Illustrated notes

Levels and vault maps discovered:
D:1:      ldierk_water_garden, layout_basic, serial_shops, nicolae_square_shop,
          amcnicky_mini_rare_corridor_liquid
D:2:      layout_basic, chequers_ecumenical_altar_grove,
          chequers_serial_rivers_small_3, chequers_mini_garden,
          minmay_quadrilaterals
D:3:      layout_loops_ring, kennysheep_generic_room_6
D:4:      layout_basic, grunt_temple_overflow_open, serial_glass,
          glass_columns_c, glass_columns_a, glass_columns_a, glass_columns_b,
          glass_columns_a, glass_columns_a, glass_columns_a, glass_columns_a,
          feat_on_display, due_unseen_surprise, uniq_duvessa, uniq_menkaure
D:5:      layout_basic, nicolae_yredelemnul_corpse_copse,
          nemelex_xobeh_ov_fountains_minmay
D:6:      layout_basic, serial_shops, shop, nzn_random_ring,
          uniq_crazy_yiuf_cottage
D:7:      layout_cave_pools, nicolae_overflow_crystal_walls, temple_doors_e,
          kennysheep_nondescript
D:8:      layout_loops_cross, serial_shops, shop
D:9:      layout_basic
D:10:     layout_long_grid, hiddenorc1_lemuel, enter_bailey_3,
          kennysheep_windowed_goal
D:11:     layout_basic, erik_lair_orcish_takeover, serial_curves,
          eino_curves_03, eino_curves_04, serial_shops,
          nicolae_shop_bloodbath_and_beyond, uniq_fannar
D:12:     layout_roguey

Skill      XL: |  1  2  3  4  5  6  7  8  9 10 11 12 |
---------------+-------------------------------------+-----
Unarmed Combat | 3 4 5 6 7 8 9 11 12 14 15 | 15.0
Invocations    | 2 3 5 7 8 9 10 11 | 11.4
Fighting       | 6 9 |  9.5
Armour         | 5 6 |  6.1
Shields        | |  2.6

Action                   |  1- 3 |  4- 6 |  7- 9 | 10-12 || total
-------------------------+-------+-------+-------+-------++-------
Melee: Unarmed           |   132 |    92 |   287 |   538 ||  1049
Invok: Draw Destruction  |       |     4 |       |    16 ||    20
       Draw Summoning    |       |     1 |     1 |     3 ||     5
  Use: Scroll            |       |       |     5 |     7 ||    12
Armor: Scale mail        |    60 |       |       |       ||    60
       Fire dragon scale |     2 |    37 |   162 |    64 ||   265
       Plate armour      |       |       |       |   135 ||   135
Dodge: Dodged            |    76 |    39 |   120 |   143 ||   378
Block: Buckler           |    34 |    13 |    46 |   186 ||   279
       Reflection        |       |       |       |     3 ||     3
